 Dungeon Crawl Stone Soup version 0.28-a0-983-g1de4e0787c (webtiles) character file.

Game seed: 16672034329290280266

480 Engwar the Slasher (level 6, 0/50 (51) HPs)
             Began as a Minotaur Fighter on Dec 3, 2021.
             Was an Elder of Elyvilon.
             Slain by a river rat (8 damage)
             ... on level 5 of the Dungeon.
             The game lasted 00:09:12 (3143 turns).

Engwar the Slasher (Minotaur Fighter)               Turns: 3143, Time: 00:09:12

HP:   0/50 (51)     AC:  6    Str: 20    XL:     6   Next: 86%
MP:   8/8           EV:  9    Int:  7    God:    Elyvilon [****..]
Gold: 144           SH:  4    Dex: 10    Spells: 5/5 levels left

rFire   + . .      SeeInvis .   a - +0 long sword
rCold   + + .      Faith    .   c - +0 buckler
rNeg    + . .      Spirit   .   s - +0 scale mail
rPois   .          Reflect  .   (helmet restricted)
rElec   .          Harm     .   j - scarf {rC+ rF+}
rCorr   .          Rampage  .   (no gloves)
Will    .....                   (no boots)
Stlth   ..........              (no amulet)
HPRegen 0.16/turn               e - ring of positive energy
MPRegen 0.11/turn               u - ring of protection from cold

@: studying Invocations, lightly drained
A: horns 2, retaliatory headbutt
a: Renounce Religion, Purification, Heal Other, Heal Self


You were on level 5 of the Dungeon.
You worshipped Elyvilon.
Elyvilon was greatly pleased with you.
You visited 1 branch of the dungeon, and saw 5 of its levels.

You collected 144 gold pieces.

Inventory:

Hand Weapons
 a - a +0 long sword (weapon)
 b - a +1 hunting sling of freezing
Missiles
 p - 18 sling bullets
Armour
 c - a +0 buckler (worn)
 j - a scarf of resistance (worn)
 s - a +0 scale mail (worn)
Jewellery
 e - a ring of positive energy (left hand)
 u - a ring of protection from cold (right hand)
Potions
 g - a potion of attraction
 i - 2 potions of cancellation
 k - 2 potions of lignification
 n - a potion of invisibility {unknown}
 o - a potion of flight {unknown}
 t - a potion of degeneration {unknown}


   Skills:
 - Level 3.6 Fighting
 + Level 7.4 Long Blades
 - Level 3.6 Armour
 - Level 3.6 Shields
 - Level 4.0 Invocations


You had 5 spell levels left.
You didn't know any spells.
Your spell library contained the following spells:

 Spells                   Type           Power      Damage    Failure   Level
 Portal Projectile        Hex/Tloc       0%         N/A       99%         3
 Blade Hands              Tmut           0%         N/A       100%        5
 Excruciating Wounds      Necr           0%         N/A       100%        5


Dungeon Overview and Level Annotations

Branches:
Dungeon (5/15)             Temple (0/1) D:5

Altars:
Elyvilon


Innate Abilities, Weirdness & Mutations

You have a pair of horns on your head.
You reflexively headbutt those who attack you in melee.


Message History

The gnoll hits you from afar with a +0 spear.
The gnoll barely misses you.
You hear the brisk rusting of a drain very nearby.
The orc shouts!
The gnoll hits you with a +0 spear. The gnoll barely misses you.
Items here: )) [ †.
You slash the gnoll!
The gnoll is severely wounded.
The gnoll closely misses you. The gnoll hits you but does no damage.
You hit the gnoll but do no damage.
The gnoll is severely wounded.
The gnoll hits you but does no damage. x2
You slash the gnoll!
You kill the gnoll!
The gnoll hits you with a +0 spear.
You hit the orc. You headbutt the orc.
You kill the orc!
The gnoll misses you. You furiously retaliate!
You headbutt the gnoll, but do no damage.
You hit the gnoll.
The gnoll is moderately wounded.
The gnoll hits you with a +0 spear.
You closely miss the gnoll.
The gnoll is moderately wounded.
The river rat barely misses you. The gnoll hits you with a +0 spear.
* * * LOW HITPOINT WARNING * * *
You slash the gnoll!
You kill the gnoll!
The river rat bites you.
* * * LOW HITPOINT WARNING * * *
You closely miss the river rat. The river rat closely misses you.
You closely miss the river rat.
The river rat bites you but does no damage.
The necrophage hits you.
* * * LOW HITPOINT WARNING * * *
You partially resist.
You feel drained. The river rat closely misses you.
The river rat closely misses you. The river rat bites you!
You die...

#....#.....#≈*≈****
*##........#≈##≈≈≈≈
#.........##.#####
#..#...w)##.......
#..#...#)).w..#**,
*#....###.#.......
##....###..##....# ####
#.n....##...#*....
#..###@r....##....#*?..
####....#......#..>.##*,..
#..........#..#.....#**,,.
###....†.....#....##...*,,,,
###....##..##......####...n.,,
*#....<.##.........####.....,,,
#.......#..........#,,...!..,,,
*##...###.....##.#.#..,,.....*,,
#.....,*#....#.*.#.....,,...##,.


You could see a necrophage, a river rat and a dart slug.

Vanquished Creatures
  2 hounds
  A centaur zombie (D:5)
  A gnoll shaman (D:5)
  4 orc wizards (D:4)
  A hound skeleton (D:4)
  3 gnolls (D:5)
  5 adders
  An ufetubus (D:5)
  A worm (D:4)
  4 dart slugs
  2 orcs
  9 ball pythons
  6 bats
  12 endoplasms
  7 giant cockroaches
  5 goblins
  6 hobgoblins
  4 kobolds
  5 quokkas
  2 frilled lizards (D:1)
  6 rats
87 creatures vanquished.

Notes
Turn   | Place    | Note
-------+----------+-------------------------------------------
     0 | D:1      | Engwar the Minotaur Fighter began the quest for the Orb.
     0 | D:1      | Reached XP level 1. HP: 19/19 MP: 0/0
   123 | D:1      | Found a faded altar of an unknown god.
   126 | D:1      | Reached skill level 3 in Long Blades
   133 | D:1      | Prayed at the altar of an unknown god.
   133 | D:1      | Became a worshipper of Elyvilon the Healer
   133 | D:1      | Reached * piety under Elyvilon
   179 | D:1      | Reached XP level 2. HP: 23/26 MP: 1/1
   285 | D:1      | Reached skill level 1 in Invocations
   446 | D:1      | Reached XP level 3. HP: 30/31 MP: 1/3
   814 | D:2      | Reached ** piety under Elyvilon
   819 | D:2      | Reached skill level 4 in Long Blades
  1262 | D:2      | Reached XP level 4. HP: 37/39 MP: 4/4
  2053 | D:3      | Noticed a black bear
  2055 | D:3      | Pacified a black bear
  2056 | D:3      | Reached skill level 5 in Long Blades
  2056 | D:3      | Reached XP level 5. HP: 45/45 MP: 0/6
  2253 | D:3      | Reached *** piety under Elyvilon
  2753 | D:5      | Entered Level 5 of the Dungeon
  2817 | D:5      | Reached XP level 6. HP: 31/51 MP: 7/7
  2858 | D:5      | Identified a scroll of acquirement
  2858 | D:5      | Acquired a manual of Invocations
  2872 | D:5      | Noticed a water moccasin
  2901 | D:4      | Reached skill level 6 in Long Blades
  3077 | D:5      | Reached **** piety under Elyvilon
  3085 | D:5      | Reached skill level 7 in Long Blades
  3104 | D:5      | Found a staircase to the Ecumenical Temple.
  3143 | D:5      | Slain by a river rat

Illustrated notes

Levels and vault maps discovered:
D:1:      minmay_arrival_widening_spiral_wide, layout_basic,
          hellmonk_ecumenical_altar_run_dry
D:2:      layout_basic
D:3:      layout_loops_ring
D:4:      layout_basic, serial_curves, eino_curves_02, eino_curves_02,
          eino_curves_03, eino_curves_02, minmay_misc_feat_cross,
          minmay_a_box_with_orc_wizards_in_it
D:5:      cheibrodos_helix_gallery, layout_cave_pools,
          minmay_temple_entry_wispy, gup_sewer_entry_spiral,
          minmay_joined_circles

Skill      XL: |  1  2  3  4  5  6 |
---------------+-------------------+-----
Long Blades    | 3 4 5 7 |  7.4
Invocations    | 1 2 3 4 |  4.0
Fighting       | |  3.6
Armour         | |  3.6
Shields        | |  3.6

Action                   |  1- 3 |  4- 6 || total
-------------------------+-------+-------++-------
Melee: Long sword        |    86 |   100 ||   186
       Headbutt          |    17 |    17 ||    34
Invok: Heal Other        |       |     2 ||     2
  Use: Scroll            |     2 |     7 ||     9
       Potion            |       |     3 ||     3
Armor: Scale mail        |    37 |    50 ||    87
Dodge: Dodged            |    25 |    47 ||    72
Block: Buckler           |    18 |    19 ||    37

Table legend: (Time is in decaauts)
 A = Elapsed time spent in this place.
 B = Non-inter-level travel time spent in this place.
 C = Inter-level travel time spent in this place.
 D = Time resting spent in this place.
 E = Time spent auto-exploring this place.
 F = Levels seen in this place.
 G = Mean time per level.
                   A        B        C        D        E       F      G
               +--------+--------+--------+--------+--------+-----+--------+
         Total |   3175 |   3049 |    126 |    404 |   1975 |   5 |  635.0 |
       Dungeon |   3175 |   3049 |    126 |    404 |   1975 |   5 |  635.0 |
               +--------+--------+--------+--------+--------+-----+--------+

Top non-repeatable levels by time:
     D:3: 919 daAuts
     D:2: 819 daAuts
     D:1: 768 daAuts
     D:4: 461 daAuts
     D:5: 207 daAuts
